Map: Prion Terraces

Players

Wellmet

  • Race: Terran Terran
  • League: Diamond

EndisNigh - Winner!

  • Race: Zerg Zerg
  • League: Diamond

VOD

Have the link to the VOD?

Description

Time

  • Played on: Nov. 14, 2015, 10:06 p.m.
  • Length: 15:15
Show
View Real Time Build Order
Export as new Build Order

Wellmet Terran 

Build Orders: Hellion Banshee, MMM Bio 

Get SALT Encoding   

  12  0:01  SCV  
  13  0:13  SCV  
  14  0:18  Supply Depot  
  14  0:25  SCV  
  15  0:40  SCV  
  16  0:43  Barracks  
  16  0:52  SCV  
  17  1:04  SCV  
  18  1:14  Command Center  
  18  1:17  SCV  
  19  1:30  Orbital Command  
  19  1:31  Marine  
  20  1:37  Supply Depot  
  20  1:41  Refinery  
  20  1:47  Refinery  
  20  1:50  Marine  
  21  1:56  SCV  
  22  2:08  SCV  
  23  2:10  Marine  
  23  2:13  Bunker  
  24  2:20  SCV  
  25  2:28  Orbital Command  
  25  2:32  SCV  
  25  2:35  Factory  
  26  2:44  Barracks Reactor, SCV  
  27  2:56  SCV x2  
  29  3:08  SCV  
  30  3:12  Command Center  
  30  3:13  SCV  
  31  3:20  SCV, Starport  
  31  3:27  SCV  
  33  3:31  Barracks Tech Lab, Hellion  
  33  3:32  SCV, Hellion  
  38  3:41  SCV  
  39  3:42  Supply Depot  
  39  3:44  SCV  
  40  3:53  SCV  
  40  3:55  Hellion x2  
  45  3:57  SCV  
  46  4:05  SCV, Cloaking Field  
  46  4:06  Banshee  
  46  4:08  Barracks Tech Lab  
  50  4:10  SCV  
  51  4:17  SCV, Supply Depot  
  51  4:18  Hellion  
  54  4:24  Hellion, Orbital Command  
  54  4:29  SCV x2  
  58  4:39  Stimpack, Marauder  
  58  4:41  SCV  
  58  4:42  SCV  
  62  4:49  Supply Depot  
  62  4:52  Banshee  
  65  4:53  SCV x2  
  67  5:02  Barracks  
  67  5:04  Barracks  
  67  5:06  Armory, Factory Reactor  
  67  5:07  Refinery  
  67  5:09  Refinery, Marauder  
  67  5:13  SCV x2  
  67  5:14  SCV  
  72  5:22  Orbital Command  
  72  5:25  SCV x2  
  74  5:31  Marauder  
  74  5:32  Engineering Bay  
  74  5:34  Engineering Bay  
  76  5:41  SCV x2  
  78  5:49  Bunker  
  78  5:52  Marine  
  78  5:54  Barracks  
  78  5:56  Barracks  
  80  5:57  SCV x2  
  80  5:58  Starport Reactor  
  80  5:59  Terran Infantry Weapons Level 1  
  80  6:01  Terran Infantry Armor Level 1  
  81  6:07  Marine x4  
  85  6:15  Supply Depot  
  85  6:16  Supply Depot  
  85  6:30  Siege Tank  
  85  6:36  Marine x5  
  85  6:38  Medivac x2  
  85  6:39  SCV  
  95  6:42  Supply Depot  
  95  6:45  Barracks Reactor  
  95  6:46  Barracks Reactor  
  95  6:47  Barracks  
  95  6:48  SCV  
  95  6:52  Barracks  
  95  6:54  Supply Depot, Marine  
  96  6:55  Supply Depot  
  96  6:56  Missile Turret  
  96  6:57  Marine x3  
  96  6:58  Combat Shields, Marauder  
  99  7:01  Liberator  
  99  7:05  Terran Vehicle And Ship Armor Level 1  
  99  7:07  Siege Tank  
  102  7:15  SCV x2  
  104  7:16  Refinery  
  104  7:17  Supply Depot, Refinery  
  104  7:19  Marine x4  
  104  7:20  Supply Depot  
  104  7:22  Command Center  
  111  7:26  SCV, Marine  
  111  7:27  SCV, Marine x3  
  117  7:38  Liberator  
  117  7:39  Marine x2  
  113  7:45  Marine x2  
  113  7:47  Marine x2  
  113  7:49  SCV, Siege Tank  
  113  7:50  Marine x2  
  98  7:51  Barracks Reactor x2  
  98  7:53  Marine  
  98  7:57  Marine  
  100  8:00  Marine  
  100  8:03  Marine  
  100  8:04  SCV x2, Liberator  
  104  8:08  Terran Infantry Weapons Level 2  
  104  8:09  Command Center, Marine  
  104  8:10  Marine x2  
  104  8:12  Marine, Terran Infantry Armor Level 2  
  107  8:13  Marine x2  
  107  8:18  Marine x2  
  112  8:23  Liberator, Marine  
  116  8:27  Marine x2  
  116  8:28  Marine  
  116  8:29  Marine x3  
  116  8:31  Marauder  
  116  8:32  Siege Tank  
  127  8:34  Missile Turret  
  127  8:37  Missile Turret  
  130  8:43  SCV  
  130  8:44  SCV x2, Marine x2  
  130  8:47  Liberator  
  135  8:52  Marine x2  
  135  8:55  Missile Turret  
  137  8:59  Planetary Fortress, SCV  
  137  9:00  SCV x2  
  137  9:01  Marine x2  
  142  9:03  Marine x2  
  142  9:04  Marine  
  142  9:05  Marine  
  142  9:09  Missile Turret, Marine  
  150  9:10  Marine  
  150  9:11  Supply Depot  
  150  9:12  Marauder  
  150  9:13  SCV  
  154  9:17  Marine x2  
  154  9:20  Liberator  
  154  9:21  Marine  
  157  9:29  Liberator  
  154  9:31  Marine x3  
  154  9:33  Orbital Command  
  154  9:35  Marine x2  
  159  9:38  Marine  
  160  9:47  Marine x2  
  160  9:48  Marine  
  160  9:49  Missile Turret  
  160  9:50  SCV x3  
  160  9:52  Starport  
  169  10:00  Marine  
  169  10:01  Marine x2  
  169  10:03  Liberator  
  168  10:12  Liberator  
  168  10:14  Marine x2  
  168  10:19  Marine  
  172  10:26  Marine x2  
  158  10:34  Marine x3  
  158  10:35  Marine x7  
  130  10:37  Marine  
  115  10:44  Marine  
  115  10:46  Marine, Liberator  
  107  10:52  Marine x3, Starport Reactor  
  107  10:55  Liberator  
  107  10:56  Marine x5  
  115  10:57  Marine  
  115  10:58  Siege Tank  
  115  11:03  Terran Infantry Weapons Level 3  
  122  11:04  Terran Infantry Armor Level 3  
  122  11:05  Refinery  
  122  11:06  Marine  
  122  11:07  Factory, Marine  
  122  11:09  Missile Turret  
  122  11:10  Missile Turret  
  121  11:12  Marine x3  
  121  11:13  Liberator, Marine  
  121  11:14  Starport  
  121  11:18  Marine x2  
  129  11:20  Terran Vehicle Weapons Level 1  
  129  11:24  Marine x5  
  138  11:34  Refinery, Liberator  
  138  11:35  Marine x2  
  138  11:37  Refinery  
  138  11:39  Marine  
  141  11:40  Marine x3  
  141  11:42  Command Center  
  141  11:46  Marine x2  
  141  11:48  Marine x2  
  141  11:52  Starport Tech Lab  
  146  11:56  Marine, Liberator x2  
  146  11:57  Marine x2  
  146  12:05  Thor  
  146  12:06  Marine x4  
  146  12:08  Liberator x2  
  156  12:11  Marine x4  
  156  12:12  Factory Tech Lab, Marauder  
  168  12:19  Liberator  
  168  12:27  Marine x2  
  176  12:32  Marine x3  
  177  12:37  Marauder  
  177  12:39  Liberator  
  129  12:45  Thor  
  129  12:46  Marine  
  129  12:47  Marine x4  
  123  12:52  Marine x2  
  123  12:53  Supply Depot  
  123  12:55  Marine x2  
  121  13:00  Marine x3  
  124  13:09  Marine x2  
  124  13:10  Marine x2  
  128  13:16  Marine x5  
  128  13:17  Marine  
  128  13:19  Liberator  
  134  13:26  Marine  
  134  13:27  Marine x3  
  130  13:28  Marine x3  
  130  13:31  SCV  
  130  13:34  Marine x6  
  83  13:42  Planetary Fortress  
  83  13:44  Marine x2  
  83  13:46  Marine x3  
  75  13:53  Marine x4  
  75  13:54  Marine x2  
  77  14:03  Thor, Missile Turret  
  77  14:04  Marine x2  
  85  14:10  Marine x2  
  85  14:11  Marine x2  
  89  14:19  Marine x5  
  89  14:20  Marine  
  87  14:26  SCV  
  87  14:30  Marine x2  
  77  14:32  SCV  
  77  14:33  Marine  
  77  14:36  Marine  
  77  14:37  Marine  
  58  14:41  Marine  
  55  14:46  Marine  
  55  14:47  Marine x2  
  55  14:50  Marine  
  58  14:53  Marine x2  
  58  14:55  Marine  
Show
View Real Time Build Order
Export as new Build Order

EndisNigh Zerg - Winner!

Build Orders: Hatch First, Muta Ling Bane 

Get SALT Encoding   

  12  0:01  Drone  
  13  0:12  Overlord  
  13  0:17  Drone  
  14  0:30  Drone x2  
  14  0:34  Drone  
  17  0:45  Drone  
  18  0:57  Hatchery  
  18  1:00  Drone  
  18  1:06  Drone  
  19  1:15  Extractor  
  19  1:18  Spawning Pool  
  17  1:21  Drone  
  18  1:29  Drone  
  19  1:39  Drone  
  20  1:53  Overlord  
  20  2:05  Zergling x2  
  21  2:09  Queen, Zergling x2  
  21  2:10  Queen  
  21  2:12  Drone  
  27  2:24  Drone  
  27  2:25  Drone  
  27  2:28  Metabolic Boost  
  29  2:34  Overlord  
  29  2:51  Queen  
  29  2:53  Drone x4  
  34  3:06  Overlord  
  34  3:07  Drone  
  34  3:09  Overlord  
  35  3:24  Drone x6  
  35  3:25  Hatchery, Drone  
  41  3:32  Drone  
  42  3:35  Pneumatized Carapace  
  42  3:37  Queen  
  42  3:40  Drone  
  45  3:42  Drone  
  45  3:45  Drone  
  45  3:47  Drone  
  48  3:50  Drone  
  48  3:51  Drone x2  
  48  3:54  Extractor  
  50  3:56  Drone  
  50  3:59  Overlord  
  51  4:06  Overlord  
  51  4:14  Queen  
  51  4:15  Evolution Chamber x2  
  51  4:23  Overlord  
  51  4:26  Zergling x10  
  51  4:30  Drone  
  51  4:31  Drone x4  
  61  4:36  Spore Crawler  
  61  4:37  Spore Crawler  
  58  4:38  Drone  
  58  4:39  Drone  
  60  4:50  Spore Crawler  
  60  4:51  Drone x3  
  62  4:53  Spore Crawler  
  61  5:03  Drone x7  
  68  5:14  Drone x2  
  70  5:16  Zerg Ground Armor Level 1, Zerg Melee Weapons Level 1  
  70  5:17  Lair  
  70  5:18  Drone  
  70  5:19  Baneling Nest  
  68  5:23  Zergling x8  
  68  5:25  Drone  
  68  5:26  Drone  
  73  5:31  Overlord  
  73  5:34  Drone  
  73  5:35  Drone x3  
  77  5:41  Drone x3  
  80  5:42  Extractor  
  80  5:43  Extractor  
  80  5:44  Extractor x2  
  80  5:45  Drone x2  
  78  5:50  Drone  
  78  5:56  Overlord  
  79  5:58  Hatchery, Drone  
  79  5:59  Drone x3  
  82  6:09  Overlord  
  82  6:10  Overlord x2  
  80  6:22  Hatchery, Spire  
  76  6:35  Drone x3, Overseer  
  76  6:36  Drone x2  
  76  6:37  Centrifical Hooks  
  80  6:41  Zergling x16  
  88  6:56  Extractor  
  88  6:59  Zergling x8  
  91  7:16  Zerg Ground Armor Level 2, Zerg Melee Weapons Level 2  
  91  7:20  Zergling x2  
  91  7:21  Zergling x26  
  91  7:22  Overseer  
  105  7:25  Baneling x16  
  105  7:30  Overlord x2  
  105  7:31  Overlord  
  105  7:36  Zergling x2  
  105  7:37  Zergling x6  
  91  8:01  Mutalisk x5  
  91  8:02  Mutalisk  
  91  8:04  Drone x10  
  113  8:11  Overlord x3  
  113  8:18  Zergling x20  
  123  8:29  Mutalisk x4  
  123  8:31  Overlord x3  
  131  8:35  Hatchery, Mutalisk  
  132  8:41  Extractor  
  132  8:43  Extractor  
  132  8:44  Mutalisk x2  
  132  8:47  Zergling x26  
  146  8:59  Zerg Flyer Armor Level 1  
  146  9:00  Zergling x2  
  146  9:01  Zergling x18  
  156  9:10  Burrow  
  156  9:11  Drone x2  
  156  9:15  Mutalisk  
  156  9:16  Mutalisk x2  
  164  9:20  Zergling x12  
  164  9:21  Zergling x4  
  168  9:40  Mutalisk x5  
  168  9:43  Zergling x26  
  168  9:44  Zergling x2  
  192  9:52  Mutalisk x2  
  192  9:53  Mutalisk  
  192  9:58  Hatchery  
  192  9:59  Mutalisk  
  187  10:09  Baneling x8  
  187  10:10  Baneling  
  187  10:11  Zergling x2  
  187  10:12  Zergling x22  
  193  10:18  Zergling x2  
  193  10:19  Zergling x18  
  194  10:24  Zergling x10  
  178  10:32  Zergling x14  
  138  10:55  Mutalisk x10  
  158  11:05  Mutalisk  
  158  11:06  Mutalisk  
  162  11:15  Zerg Flyer Armor Level 2  
  160  11:27  Infestation Pit, Zergling x2  
  160  11:28  Zergling x30  
  175  11:48  Zergling x8  
  175  11:49  Zergling x26  
  183  12:01  Zergling x4  
  183  12:02  Zergling x18  
  183  12:05  Zergling x2  
  183  12:06  Zergling x6  
  198  12:13  Baneling x11  
  198  12:14  Baneling x2  
  198  12:15  Baneling  
  198  12:16  Baneling  
  198  12:17  Baneling x3  
  198  12:18  Baneling x2  
  198  12:19  Baneling  
  198  12:20  Baneling x3  
  157  12:51  Mutalisk  
  157  12:52  Mutalisk x12  
  157  12:56  Zergling x4  
  157  12:57  Zergling x2  
  186  12:58  Baneling  
  186  12:59  Baneling x2  
  186  13:09  Baneling  
  186  13:10  Baneling x12  
  186  13:11  Baneling  
  186  13:12  Zergling x2  
  150  13:37  Zergling x24  
  150  13:38  Zergling x16  
  161  13:48  Zergling x18  
  162  13:49  Zergling x2  
  162  13:53  Hive  
  160  13:59  Zergling x12  
  165  14:06  Mutalisk x3  
  153  14:24  Zergling x2  
  153  14:25  Zergling x34  
  154  14:33  Zergling x14  
  138  14:59  Baneling  
  138  15:00  Baneling x9  
Tags
 
Add a new tag
Caveats
  • Supply blocks, unpowered buildings, or Contaminate may cause inaccurate times.
  • Supply counts are checked every 10 seconds.